 Dungeon Crawl Stone Soup version 0.23-a0-175-g97aacdb (webtiles) character file.

14 Amnesiac the Chiller (level 2, -2/19 HPs)
             Began as a Mummy Ice Elementalist on Sept 16, 2018.
             Slain by a bullfrog (5 damage)
             ... on level 3 of the Dungeon.
             The game lasted 00:01:57 (1338 turns).

Amnesiac the Chiller (Mummy Ice Elementalist)       Turns: 1338, Time: 00:01:58

Health: -2/19      AC:  2    Str: 11    XL:     2   Next: 31%
Magic:  0/5        EV: 12    Int: 14    God:
Gold:   64         SH:  0    Dex: 12    Spells: 3/6 levels left

rFire    x . .     SeeInvis .   (no weapon)
rCold    + . .     Gourm    .   (no shield)
rNeg     + + +     Faith    .   a - +0 robe
rPois    ∞         Spirit   .   (no helmet)
rElec    .         Reflect  .   (no cloak)
rCorr    .         Harm     .   (no gloves)
MR       .....                  (no boots)
Stlth    ++........             (no amulet)
HPRegen  0.06/turn              (no ring)
MPRegen  0.09/turn              (no ring)

@: no status effects
A: no food or potions, fire vulnerability, cold resistance 1, negative energy
resistance 3, torment resistance, unbreathing
a: no special abilities


You were on level 3 of the Dungeon.
You were not hungry.

You visited 1 branch of the dungeon, and saw 5 of its levels.

You collected 64 gold pieces.

Inventory:

Missiles
 d - 6 javelins (quivered)
Armour
 a - a +0 robe (worn)
Scrolls
 b - a scroll of remove curse {!r, unknown}
 c - a scroll of amnesia {!r, unknown}
 e - a scroll of identify {!r, unknown}
 f - a scroll of fear {!r, unknown}


   Skills:
 - Level 1.5 Dodging
 - Level 1.5 Stealth
 + Level 2.9 Spellcasting
 - Level 0.7 Conjurations
 * Level 3.0 Ice Magic


You had 3 spell levels left.
You knew the following spells:

 Your Spells              Type           Power        Failure   Level  Hunger
a - Freeze                Ice            ##..         6%          1    N/A
e - Throw Frost           Conj/Ice       #.....       16%         2    N/A

Your spell library contained the following spells:

 Spells                   Type           Power        Failure   Level  Hunger
 Ozocubu's Armour         Chrm/Ice       #.......     34%         3    N/A
 Throw Icicle             Conj/Ice       #.......     69%         4    N/A
 Summon Ice Beast         Ice/Summ       #.......     75%         4    N/A

Dungeon Overview and Level Annotations

Branches:
Dungeon (5/15)
 Temple: D:4-7

Altars:


Innate Abilities, Weirdness & Mutations

You do not eat or drink.
Your flesh is vulnerable to fire.
You are immune to poison.
Your flesh is cold resistant. (rC+)
You are immune to negative energy. (rN+++)
You are immune to unholy pain and torment.
You can survive without breathing.


Message History

Press: ? - help, Shift-Dir - straight line, f - bullfrog
Aim: a bullfrog (resting)
You freeze the bullfrog.
The bullfrog gives a loud, deep croak!
The bullfrog is lightly wounded.
The bullfrog hits you!
* * * LOW HITPOINT WARNING * * *
The bullfrog hits you.
* * * LOW HITPOINT WARNING * * *
Casting: Freeze (safe; 6% risk of failure)
Confirm with . or Enter, or press ? or * to list all spells.
Aiming: Freeze (safe; 6% risk of failure)
Press: ? - help, Shift-Dir - straight line, f/p - bullfrog
Aim: a bullfrog (lightly wounded)
You freeze the bullfrog.
The bullfrog seems to slow down.
The bullfrog is moderately wounded.
The bullfrog closely misses you.
Casting: Freeze (safe; 6% risk of failure)
Confirm with . or Enter, or press ? or * to list all spells.
Aiming: Freeze (safe; 6% risk of failure)
Press: ? - help, Shift-Dir - straight line, f/p - bullfrog
Aim: a bullfrog (moderately wounded, slow)
You freeze the bullfrog.
The bullfrog is heavily wounded.
The bullfrog hits you.
* * * LOW HITPOINT WARNING * * *
Casting: Freeze (safe; 6% risk of failure)
Confirm with . or Enter, or press ? or * to list all spells.
Aiming: Freeze (safe; 6% risk of failure)
Press: ? - help, Shift-Dir - straight line, f/p - bullfrog
Aim: a bullfrog (heavily wounded, slow)
You freeze the bullfrog.
The bullfrog is heavily wounded.
The bullfrog closely misses you.
Unknown command.
Casting: Freeze (safe; 6% risk of failure)
Confirm with . or Enter, or press ? or * to list all spells.
Aiming: Freeze (safe; 6% risk of failure)
Press: ? - help, Shift-Dir - straight line, f/p - bullfrog
Aim: a bullfrog (heavily wounded, slow)
You freeze the bullfrog.
The bullfrog seems to slow down.
The bullfrog is severely wounded.
The bullfrog hits you.
* * * LOW HITPOINT WARNING * * *
Unknown command.
Casting: Freeze (safe; 6% risk of failure)
Confirm with . or Enter, or press ? or * to list all spells.
You don't have enough magic to cast that spell.
Unknown command.
You aren't carrying any items that you can evoke.
Unknown command.
Casting: Freeze (safe; 6% risk of failure)
Confirm with . or Enter, or press ? or * to list all spells.
Aiming: Freeze (safe; 6% risk of failure)
Press: ? - help, Shift-Dir - straight line, f/p - bullfrog
Aim: a bullfrog (severely wounded, slow)
You freeze the bullfrog.
The bullfrog seems to slow down.
The bullfrog is almost dead.
The bullfrog hits you but does no damage.
Unknown command.
There is a stone staircase leading up here.
The bullfrog is no longer moving slowly.
The bullfrog hits you.
You die...

......# ..... .....# .... $...###
.. . .... #...... ... .# ...
###...... ...# #. #.#
#####........
....#.##.####............ ....
#..#.#...........#......
##....###......@###.............
............#..F####....##.######
#........#.....####.....##..#
........#.....#....<...####.#
...............!.......# #.#
...###.................# #.#
..................###### #.#
..#...<........#### #.#
...............## #.#


You could see a bullfrog.

Vanquished Creatures
  A ball python (D:2)
  A giant cockroach (D:3)
  A goblin (D:2)
  4 hobgoblins
  2 bats (D:1)
  A frilled lizard (D:1)
  2 kobolds
  A rat (D:3)
13 creatures vanquished.

Vanquished Creatures (others)
  10 toadstools (D:3)
10 creatures vanquished.

Grand Total: 23 creatures vanquished

Notes
Turn   | Place    | Note
-------+----------+-------------------------------------------
     0 | D:1      | Amnesiac the Mummy Ice Elementalist began the quest for the
                  | Orb.
     0 | D:1      | Reached XP level 1. HP: 13/13 MP: 4/4
   778 | D:2      | Reached XP level 2. HP: 7/19 MP: 1/5
   996 | D:1      | Reached skill level 3 in Ice Magic
  1131 | D:3      | Learned a level 2 spell: Throw Frost
  1161 | D:5      | Entered Level 5 of the Dungeon
  1166 | D:4      | Noticed a howler monkey
  1312 | D:3      | Noticed a bullfrog
  1338 | D:3      | Slain by a bullfrog

Vault maps used:
D:1:      lemuel_arrival_cross
D:2:      minmay_overflow_temple_star_quad, first_ration
D:3:      tgw_fedhas, uniq_grinder
D:4:      cheibrodos_fertilizer, grunt_temple_overflow_open, minmay_small_thing
D:5:      old_standard_altar, kennysheep_nondescript, uniq_blork_the_orc,
          uniq_pikel

Skill      XL: |  1  2 |
---------------+-------+-----
Ice Magic      | 3 |  3.0
Dodging        | |  1.5
Stealth        | |  1.5
Spellcasting   | |  2.9
Conjurations   | |  0.7

Action                   || total
-------------------------++-------
Melee: Unarmed           ||     4
 Cast: Freeze            ||    33
Armor: Robe              ||     8
Dodge: Dodged            ||    22

Table legend:
 A = Non-vault XP
 B = Vault XP
 C = Vault XP percentage of total XP
 D = Non-vault monster count
 E = Vault monster count
 F = Vault count percentage of total count
                 A         B        C        D         E       F
            +---------+---------+-------+---------+---------+-------
      Total |      21 |       0 |   0.0 |      13 |       0 |   0.0
            +---------+---------+-------+---------+---------+-------
        D:1 |       7 |       0 |   0.0 |       5 |       0 |   0.0
        D:2 |      11 |       0 |   0.0 |       6 |       0 |   0.0
        D:3 |       3 |       0 |   0.0 |       2 |       0 |   0.0
            +---------+---------+-------+---------+---------+-------
